PA
SOUTH BEACH BLAZE @ COLUMBIA RIVER RATS
07/20/2025
 
TOP OF THE 1ST
South Beach Blaze batting - Pitching for Columbia River Rats : RHP Jim Unknown
Pitching: RHP Jim Unknown
Batting: RHB Eduardo Rivera 0-0: Called Strike
0-1: SINGLE (Groundball, 4MS) (infield hit)
Batting: RHB Steve Irwin 0-0: Ball
1-0: Fielders Choice at 2nd, 6-4 (Groundball, 6)
Batting: RHB Pau Arria 0-0: Ball
1-0: Called Strike
1-1: Grounds into double play, 5-4-3 (Groundball, 5D)
Top of the 1st over - 0 run(s), 1 hit(s), 0 error(s), 0 left on base; South Beach 0 - Columbia 0
BOTTOM OF THE 1ST
Columbia River Rats batting - Pitching for South Beach Blaze : RHP Valentín Rivera
Pitching: RHP Valentín Rivera
Batting: RHB Héctor Rodríguez 0-0: Ball
1-0: Called Strike
1-1: Called Strike
1-2: Strikes out swinging
Batting: RHB Fernando Arévalo 0-0: Ball
1-0: Swinging Strike
1-1: SINGLE (Line Drive, 7LS)
Batting: RHB Miguel Montoya 0-0: Called Strike
0-1: Ball
1-1: Called Strike
1-2: Strikes out swinging
Batting: LHB Tomás Valenzuela 0-0: Fielders Choice at 2nd, 4-6 (Groundball, 4)
Bottom of the 1st over - 0 run(s), 1 hit(s), 0 error(s), 0 left on base; South Beach 0 - Columbia 0
TOP OF THE 2ND
South Beach Blaze batting - Pitching for Columbia River Rats : RHP Jim Unknown
Batting: SHB José Rico 0-0: Fly out, F7 (Flyball, 7LM)
Batting: RHB José Barroca 0-0: Swinging Strike
0-1: Ball
1-1: Foul Ball, location: 2F
1-2: Foul Ball, location: 2F
1-2: Strikes out swinging
Batting: RHB Dimian Menres 0-0: Swinging Strike
0-1: Foul Ball, location: 2F
0-2: Foul Ball, location: 2F
0-2: Foul Ball, location: 2F
0-2: Ball
1-2: Fly out, F7 (Flyball, 78D)
Top of the 2nd over - 0 run(s), 0 hit(s), 0 error(s), 0 left on base; South Beach 0 - Columbia 0
BOTTOM OF THE 2ND
Columbia River Rats batting - Pitching for South Beach Blaze : RHP Valentín Rivera
Batting: RHB Ron Spence 0-0: Called Strike
0-1: Foul Ball, location: 2F
0-2: Foul Ball, location: 2F
0-2: Strikes out looking
Batting: RHB JoJo Victory 0-0: Ball
1-0: Swinging Strike
1-1: Ground out 4-3 (Groundball, 4)
Batting: RHB Ellis Harless 0-0: Ball
1-0: Ball
2-0: Called Strike
2-1: Ball
3-1: Fly out, F4 (Popup, 34D)
Bottom of the 2nd over - 0 run(s), 0 hit(s), 0 error(s), 0 left on base; South Beach 0 - Columbia 0
TOP OF THE 3RD
South Beach Blaze batting - Pitching for Columbia River Rats : RHP Jim Unknown
Batting: RHB Bastiaan Trommel 0-0: Foul Ball, location: 2F
0-1: Ball
1-1: Ball
2-1: Swinging Strike
2-2: Foul Ball, location: 2F
2-2: Strikes out swinging
Batting: RHB António Ramírez 0-0: Ball
1-0: Ball
2-0: Ball
3-0: Fly out, F9 (Flyball, 9S)
Batting: RHB Raúl Chávez 0-0: Reaches on Catchers interference
Batting: RHB Eduardo Rivera 0-0: Called Strike
0-1: Ball
Raúl Chávez is caught stealing 2nd base
Top of the 3rd over - 0 run(s), 0 hit(s), 1 error(s), 0 left on base; South Beach 0 - Columbia 0
BOTTOM OF THE 3RD
Columbia River Rats batting - Pitching for South Beach Blaze : RHP Valentín Rivera
Batting: RHB Gil Simmons 0-0: Swinging Strike
0-1: Called Strike
0-2: Ball
1-2: Strikes out swinging
Batting: RHB Eduardo Checchinato 0-0: Called Strike
0-1: Ball
1-1: Called Strike
1-2: Strikes out swinging
Batting: RHB Héctor Rodríguez 0-0: Ball
1-0: Foul Ball, location: 2F
1-1: Ball
2-1: Ball
3-1: Foul Ball, location: 2F
3-2: Base on Balls
Batting: RHB Fernando Arévalo 0-0: Ball
Héctor Rodríguez steals 2nd base
1-0: Ball
2-0: DOUBLE (Line Drive, 78D)
Héctor Rodríguez scores
Batting: RHB Miguel Montoya 0-0: Ball
1-0: SINGLE (Flyball, 9LM)
Fernando Arévalo to third
Runner from 3rd tries for Home, SAFE, no throw
Batting: LHB Tomás Valenzuela 0-0: Ball
Miguel Montoya is caught stealing 2nd base
Bottom of the 3rd over - 2 run(s), 2 hit(s), 0 error(s), 0 left on base; South Beach 0 - Columbia 2
TOP OF THE 4TH
South Beach Blaze batting - Pitching for Columbia River Rats : RHP Jim Unknown
Batting: RHB Eduardo Rivera 0-0: Ball
1-0: Called Strike
1-1: Swinging Strike
1-2: Strikes out looking
Batting: RHB Steve Irwin 0-0: Ball
1-0: Ball
2-0: Foul Ball, location: 2F
2-1: DOUBLE (Line Drive, 7)
Batting: RHB Pau Arria 0-0: Ball
1-0: Ball
2-0: Called Strike
2-1: Ball
3-1: Fly out, F6 (Popup, 6)
Batting: SHB José Rico 0-0: Ball
1-0: Foul Ball, location: 2F
1-1: Foul Ball, location: 2F
1-2: Ball
2-2: Foul Ball, location: 2F
2-2: Foul Ball, location: 2F
2-2: DOUBLE (Line Drive, 89M)
Steve Irwin scores
Batting: RHB José Barroca 0-0: Ball
1-0: Called Strike
1-1: Foul Ball, location: 2F
1-2: Foul Ball, location: 2F
1-2: Ball
2-2: Ball
3-2: Strikes out swinging
Top of the 4th over - 1 run(s), 2 hit(s), 0 error(s), 1 left on base; South Beach 1 - Columbia 2
BOTTOM OF THE 4TH
Columbia River Rats batting - Pitching for South Beach Blaze : RHP Valentín Rivera
Batting: LHB Tomás Valenzuela 0-0: Fly out, F7 (Flyball, 7LM)
Batting: RHB Ron Spence 0-0: Ball
1-0: Ball
2-0: Foul Ball, location: 2F
2-1: Foul Ball, location: 2F
2-2: Ball
3-2: Fly out, F5 (Popup, 5L)
Batting: RHB JoJo Victory 0-0: Called Strike
0-1: SINGLE (Groundball, 56D)
Batting: RHB Ellis Harless 0-0: Fielders Choice at 2nd, 5-4 (Groundball, 56)
Bottom of the 4th over - 0 run(s), 1 hit(s), 0 error(s), 0 left on base; South Beach 1 - Columbia 2
TOP OF THE 5TH
South Beach Blaze batting - Pitching for Columbia River Rats : RHP Jim Unknown
Batting: RHB Dimian Menres 0-0: Ground out 6-3 (Groundball, 6)
Batting: RHB Bastiaan Trommel 0-0: Ball
1-0: Ball
2-0: Reached on error, E6 (Groundball, 6)
Batting: RHB António Ramírez 0-0: SINGLE (Line Drive, 9S)
Bastiaan Trommel to second
Runner from 2nd tries for 3rd, SAFE, no throw
Batting: RHB Raúl Chávez 0-0: Ball
António Ramírez steals 2nd base
1-0: Ball
2-0: Foul Ball, location: 2F
2-1: Foul Ball, location: 2F
2-2: Ball
3-2: Strikes out swinging
Batting: RHB Eduardo Rivera 0-0: Called Strike
0-1: Ball
1-1: Ball
2-1: Foul Ball, location: 2F
2-2: Ball
3-2: SINGLE (Groundball, 56D)
Bastiaan Trommel scores
António Ramírez to third
António Ramírez scores
Batting: RHB Steve Irwin 0-0: Foul Ball, location: 2F
0-1: SINGLE (Line Drive, 6D)
Eduardo Rivera to second
Batting: RHB Pau Arria 0-0: Ball
1-0: Swinging Strike
1-1: Swinging Strike
1-2: Strikes out looking
Top of the 5th over - 2 run(s), 3 hit(s), 1 error(s), 2 left on base; South Beach 3 - Columbia 2
BOTTOM OF THE 5TH
Columbia River Rats batting - Pitching for South Beach Blaze : RHP Valentín Rivera
Batting: RHB Gil Simmons 0-0: Called Strike
0-1: Foul Ball, location: 2F
0-2: Ball
1-2: Ground out 6-3 (Groundball, 6)
Batting: RHB Eduardo Checchinato 0-0: Ball
1-0: Called Strike
1-1: Ball
2-1: Ball
3-1: Ground out 4-3 (Groundball, 4)
Batting: RHB Héctor Rodríguez 0-0: Ball
1-0: Ball
2-0: Ground out 6-3 (Groundball, 6)
Bottom of the 5th over - 0 run(s), 0 hit(s), 0 error(s), 0 left on base; South Beach 3 - Columbia 2
TOP OF THE 6TH
South Beach Blaze batting - Pitching for Columbia River Rats : RHP Jim Unknown
Batting: SHB José Rico 0-0: Foul Ball, location: 2F
0-1: Ball
1-1: Ball
2-1: SOLO HOME RUN (Flyball, 8RXD), Distance : 429 ft
Batting: RHB José Barroca 0-0: Ball
1-0: Called Strike
1-1: Swinging Strike
1-2: Strikes out looking
Batting: RHB Dimian Menres 0-0: Ball
1-0: SINGLE (Flyball, 78S)
Pitching: RHP Luis López
Batting: RHB Bastiaan Trommel 0-0: Ball
1-0: Ball
2-0: Swinging Strike
2-1: Ball
3-1: Fielders Choice at 2nd, 3-6 (Groundball, 3)
Batting: RHB António Ramírez 0-0: Ball
1-0: Swinging Strike
1-1: Called Strike
1-2: Ball
2-2: Ball
3-2: Base on Balls
Bastiaan Trommel to second
Batting: RHB Raúl Chávez 0-0: Called Strike
0-1: Ball
1-1: Swinging Strike
1-2: Ball
2-2: Strikes out swinging
Top of the 6th over - 1 run(s), 2 hit(s), 0 error(s), 2 left on base; South Beach 4 - Columbia 2
BOTTOM OF THE 6TH
Columbia River Rats batting - Pitching for South Beach Blaze : RHP Valentín Rivera
Batting: RHB Fernando Arévalo 0-0: Called Strike
0-1: Ground out 5-3 (Groundball, 56S)
Batting: RHB Miguel Montoya 0-0: Called Strike
0-1: SINGLE (Flyball, 8LS)
Batting: LHB Tomás Valenzuela 0-0: Ball
1-0: Ball
2-0: Foul Ball, location: 2F
2-1: SINGLE (Line Drive, 9S)
Miguel Montoya to second
Batting: RHB Ron Spence 0-0: Ball
1-0: Called Strike
1-1: Ball
2-1: Called Strike
2-2: Foul Ball, location: 2F
2-2: Foul Ball, location: 2F
2-2: Ball
3-2: Fly out, F4 (Popup, 34D)
Batting: RHB JoJo Victory 0-0: Called Strike
0-1: Swinging Strike
0-2: Strikes out looking
Bottom of the 6th over - 0 run(s), 2 hit(s), 0 error(s), 2 left on base; South Beach 4 - Columbia 2
TOP OF THE 7TH
South Beach Blaze batting - Pitching for Columbia River Rats : RHP Luis López
Batting: RHB Eduardo Rivera 0-0: Foul Ball, location: 2F
0-1: Called Strike
0-2: Ball
1-2: Foul Ball, location: 2F
1-2: Ball
2-2: Ball
3-2: Foul Ball, location: 2F
3-2: DOUBLE (Line Drive, 3D)
Batting: RHB Steve Irwin 0-0: Called Strike
0-1: Ball
1-1: Swinging Strike
1-2: Ball
2-2: DOUBLE (Line Drive, 78XD)
Eduardo Rivera scores
Batting: RHB Pau Arria 0-0: Called Strike
0-1: Ground out 5-3 (Groundball, 56)
Batting: SHB José Rico 0-0: Intentional Walk
Batting: RHB José Barroca 0-0: Swinging Strike
0-1: Ball
1-1: Foul Ball, location: 2F
1-2: Strikes out swinging
Batting: RHB Dimian Menres 0-0: Foul Ball, location: 2F
0-1: Ball
1-1: Fly out, F5 (Line Drive, 56S)
Top of the 7th over - 1 run(s), 2 hit(s), 0 error(s), 2 left on base; South Beach 5 - Columbia 2
BOTTOM OF THE 7TH
Columbia River Rats batting - Pitching for South Beach Blaze : RHP Valentín Rivera
Batting: RHB Ellis Harless 0-0: Fly out, F9 (Flyball, 9S)
Batting: RHB Gil Simmons 0-0: Called Strike
0-1: Foul Ball, location: 2F
0-2: Ball
1-2: Ground out 5-3 (Groundball, 56S)
Batting: RHB Eduardo Checchinato 0-0: Ball
1-0: Swinging Strike
1-1: Ball
2-1: Foul Ball, location: 2F
2-2: Strikes out looking
Bottom of the 7th over - 0 run(s), 0 hit(s), 0 error(s), 0 left on base; South Beach 5 - Columbia 2
TOP OF THE 8TH
South Beach Blaze batting - Pitching for Columbia River Rats : RHP Luis López
Batting: RHB Bastiaan Trommel 0-0: Swinging Strike
0-1: Ball
1-1: Ball
2-1: Ball
3-1: Fly out, F7 (Flyball, 78M)
Batting: RHB António Ramírez 0-0: Called Strike
0-1: Foul Ball, location: 2F
0-2: Ball
1-2: Ball
2-2: Strikes out swinging
Pitching: RHP Jim Unknown
Batting: RHB Raúl Chávez 0-0: Foul Ball, location: 2F
0-1: Called Strike
0-2: Ball
1-2: Strikes out swinging
Top of the 8th over - 0 run(s), 0 hit(s), 0 error(s), 0 left on base; South Beach 5 - Columbia 2
BOTTOM OF THE 8TH
Columbia River Rats batting - Pitching for South Beach Blaze : RHP Valentín Rivera
Batting: RHB Héctor Rodríguez 0-0: Called Strike
0-1: SINGLE (Groundball, 6D)
Batting: RHB Fernando Arévalo 0-0: Grounds into double play, 5-4-3 (Groundball, 6)
Batting: RHB Miguel Montoya 0-0: Ball
1-0: Fly out, F9 (Flyball, 9S)
Bottom of the 8th over - 0 run(s), 1 hit(s), 0 error(s), 0 left on base; South Beach 5 - Columbia 2
TOP OF THE 9TH
South Beach Blaze batting - Pitching for Columbia River Rats : RHP Jim Unknown
Pitching: RHP Jim Unknown
Batting: RHB Eduardo Rivera 0-0: Ball
1-0: Called Strike
1-1: Foul Ball, location: 2F
1-2: Foul Ball, location: 2F
1-2: Ball
2-2: Ball
3-2: Ground out 5-3 (Groundball, 2L)
Batting: RHB Steve Irwin 0-0: Called Strike
0-1: Ball
1-1: Ball
2-1: Ball
3-1: Foul Ball, location: 2F
3-2: Strikes out swinging
Batting: RHB Pau Arria 0-0: Called Strike
0-1: Foul Ball, location: 2F
0-2: Fly out, F7 (Flyball, 7)
Top of the 9th over - 0 run(s), 0 hit(s), 0 error(s), 0 left on base; South Beach 5 - Columbia 2
BOTTOM OF THE 9TH
Columbia River Rats batting - Pitching for South Beach Blaze : RHP Valentín Rivera
Pitching: RHP Ricardo Gómez
Batting: LHB Tomás Valenzuela 0-0: Ball
1-0: Ground out 3-1 (Groundball, 34S)
Batting: RHB Ron Spence 0-0: SINGLE (Line Drive, 4M)
Batting: RHB JoJo Victory 0-0: Fly out, F8 (Flyball, 8LD)
Batting: RHB Ellis Harless 0-0: Ball
1-0: Swinging Strike
1-1: Ball
2-1: Foul Ball, location: 2F
2-2: Foul Ball, location: 2F
2-2: Foul Ball, location: 2F
2-2: Strikes out swinging
Bottom of the 9th over - 0 run(s), 1 hit(s), 0 error(s), 1 left on base; South Beach 5 - Columbia 2
Friday, December 30th, 2016 - OOTP Baseball 17.12 Build 75